 Dungeon Crawl Stone Soup version 0.30.0-13-g156ef70053 (webtiles) character file.

Game seed: 9919131988082686456

203 Pimp the Shooter (level 6, -1/37 HPs)
             Began as a Kobold Hunter on May 17, 2023.
             Engulfed by a cloud of flame (18 damage)
             ... on level 4 of the Dungeon.
             The game lasted 00:05:13 (2999 turns).

Pimp the Shooter (Kobold Hunter)                    Turns: 2999, Time: 00:05:15

Health: -1/37      AC:  7    Str:  8    XL:     6   Next: 8%
Magic:  6/6        EV: 14    Int: 11    God:
Gold:   153        SH:  0    Dex: 20    Spells: 5/5 levels left

rFire   . . .        a - +0 shortbow
rCold   . . .        (shield currently unavailable)
rNeg    . . .        g - +0 ring mail
rPois   .            (no helmet)
rElec   .            (no cloak)
rCorr   .            f - +0 pair of gloves
SInv    .            d - +0 pair of boots
Will    .....        (no amulet)
Stlth   +++          (no ring)
HPRegen 0.26/turn    (no ring)
MPRegen 0.10/turn

%: no passive effects
@: no status effects
A: small, no large weapons, nightstalker 3
a: no special abilities


You were on level 4 of the Dungeon.
You visited 1 branch of the dungeon, and saw 4 of its levels.

You collected 153 gold pieces.

Inventory:

Hand Weapons
 a - a +0 shortbow (weapon)
 m - a +0 rapier
Armour
 c - a +0 leather armour
 d - a +0 pair of boots (worn)
 f - a +0 pair of gloves (worn)
 g - a +0 ring mail (worn)
Jewellery
 q - a ring of ice
Scrolls
 b - 4 scrolls of immolation
 e - a scroll of fear
 o - a scroll of magic mapping
 r - a scroll of vulnerability
Potions
 h - a potion of heal wounds
 i - a potion of cancellation {unknown}
 j - 2 potions of resistance {unknown}
 k - a potion of curing
 l - a potion of mutation {unknown}
 n - a potion of invisibility {unknown}
 p - 2 potions of lignification {unknown}


   Skills:
 + Level 3.4 Fighting
 + Level 6.2 Ranged Weapons
 + Level 1.7 Armour
 + Level 3.7 Dodging
 + Level 3.6 Stealth


You had 5 spell levels left.
You didn't know any spells.
Your spell library was empty.

Dungeon Overview and Level Annotations

Branches:
Dungeon (4/15)
 Temple: D:4-7

Altars:

Annotations:
D:2 Crazy Yiuf


Innate Abilities, Weirdness & Mutations

You are small and have problems with some larger weapons.
You are completely attuned to the shadows.


Message History

You shoot an arrow. The arrow hits the orc priest!
You kill the orc priest!
You have reached level 6!
The orc shouts!
The orc warrior shouts!
You hear a shout! x3
Really read the scroll of immolation?
As you read the scroll of immolation, it crumbles to dust.
The creatures around you are filled with an inner flame!
As you read the scroll of fear, it crumbles to dust.
You assume a fearsome visage.
The orc looks frightened!
The orc warrior looks frightened!
Fire: a) +0 shortbow
Press: ? - help, Q - select action Shift-Dir - straight line, f - orc
Aim: an orc, wielding a +0 hand axe, wearing a +0 leather armour and quivering stones (inner flame, fleeing, 66% to hit)
You shoot an arrow. The arrow closely misses the orc.
You hear a shout!
The orc wizard hits you with a +0 dagger.
You hear a shout!
You shoot an arrow. The arrow barely misses the orc wizard.
The arrow hits the orc but does no damage.
Your attack snaps the orc out of its fear.
The orc wizard mumbles some strange words.
The orc wizard flickers and vanishes!
Deactivating autopickup; reactivate with Ctrl-A.
You shoot an arrow. The arrow hits the orc.
The orc is moderately wounded.
Something hits you but does no damage. Something barely misses you.
You shoot an arrow. The arrow hits the orc.
You kill the orc!
You hear some strange, mumbled words.
A puff of flame appears from out of thin air!
The puff of flame misses you.
You shoot an arrow. The arrow hits the orc!
The orc explodes!
The fiery explosion engulfs something!!
Reactivating autopickup.
You feel a bit more experienced. The fiery explosion engulfs you!!
Ouch! That really hurt!
You are engulfed in blazing flames.
You die...

#.# #.# #.# #.# ..o(
...#.# #.# ..8$
#..#.## #.# ...
#....## #.#
###.####...).####.#
....))@...........#
....ยง##......######
....(.......##
.....###.#####
....w........#
##..##...###.# #..
#w...##.#####
...##............
.........#.#####


There were no monsters in sight!

Vanquished Creatures
  An ogre (D:4)
  An orc priest (D:4)
  An orc wizard (D:4)
  2 adders
  3 worms
  5 orcs
  5 endoplasms
  2 giant cockroaches (D:2)
  5 goblins
  4 hobgoblins
  4 jackals
  A kobold (D:2)
  3 quokkas
  4 ball pythons
  5 bats
  A frilled lizard (D:1)
  6 rats
53 creatures vanquished.

Notes
Turn   | Place    | Note
-------+----------+-------------------------------------------
     0 | D:1      | Pimp the Kobold Hunter began the quest for the Orb.
     0 | D:1      | Reached XP level 1. HP: 12/12 MP: 1/1
     3 | D:1      | Noticed a demonspawn zombie
   204 | D:1      | Reached XP level 2. HP: 18/18 MP: 2/2
   739 | D:2      | Found a faded altar of an unknown god.
   780 | D:2      | Reached XP level 3. HP: 22/22 MP: 3/3
  1154 | D:2      | Found a runed translucent door.
  1157 | D:2      | Noticed Crazy Yiuf
  1924 | D:3      | Reached XP level 4. HP: 26/27 MP: 4/4
  1954 | D:3      | Reached skill level 1 in Armour
  2511 | D:4      | Noticed an orc warrior
  2776 | D:4      | Noticed an ogre
  2788 | D:4      | Killed an ogre
  2789 | D:4      | Reached skill level 6 in Ranged Weapons
  2789 | D:4      | Reached XP level 5. HP: 11/32 MP: 5/5
  2984 | D:4      | Reached XP level 6. HP: 37/37 MP: 6/6
  2999 | D:4      | Engulfed by a cloud of flame

Illustrated notes

Levels and vault maps discovered:
D:1:      shiori_arrival_whats_in_store_for_you, layout_basic, minivault_24
D:2:      minmay_wonky_spiral, layout_basic, ebering_ecumenical_altar_abandoned,
          minmay_quantized, uniq_crazy_yiuf_cottage
D:3:      layout_basic
D:4:      layout_loops_ring, guppyfry_early_orc_mine

Skill      XL: |  1  2  3  4 |
---------------+-------------+-----
Stealth        | 2 3 |  3.6
Dodging        | 3 |  3.7
Armour         | 1 |  1.7
Fighting       | 3 |  3.4
Ranged Weapons | 6 |  6.2

Action                     |  1- 3 |  4- 6 || total
---------------------------+-------+-------++-------
   Fire: Shortbow          |    82 |    56 ||   138
    Use: Scroll            |     1 |     8 ||     9
         Potion            |       |     2 ||     2
 Armour: Ring mail         |     7 |    11 ||    18
  Dodge: Dodged            |    12 |    26 ||    38
